 Dungeon Crawl Stone Soup version 0.32-a0-630-g46d191b0ed (webtiles) character file.

Game seed: 738385014047204036

107956 killozap the Grappler (level 16, -4/166 HPs)
             Began as a Troll Fighter on Mar 5, 2024.
             Was a High Priest of Wu Jian.
             Killed from afar by a bog body (35 damage)
             ... with a bolt of cold
             ... on level 1 of the Swamp on Mar 6, 2024.
             The game lasted 02:02:16 (23305 turns).

killozap the Grappler (Troll Fighter)              Turns: 23305, Time: 02:02:17

Health: -4/166     AC:  7    Str: 28    XL:     16   Next: 1%
Magic:  19/19      EV: 18    Int:  6    God:    Wu Jian [*****.]
Gold:   454        SH: 15    Dex: 13    Spells: 17/21 levels left

rFire   . .          .
                       - Unarmed
rCold   . . .        j - +3 kite shield
rNeg    . . .        Q - +0 troll leather armour
rPois   .            W - +1 hat {Stlth+}
rElec   .            K - +0 cloak
rCorr   .            (gloves unavailable)
SInv    .            (boots unavailable)
Will    ++...        n - amulet of regeneration
Stlth   ++           u - +5 ring of evasion
HPRegen 2.87/turn    Y - ring of willpower
MPRegen 0.16/turn

%: no passive effects
@: mighty, exhausted, invisible
A: large, unfitting armour, claws 3, regeneration 1, shaggy fur 1, tough skin 1
a: Renounce Religion, Wall Jump, Serpent's Lash, Heavenly Storm


You were on level 1 of the Swamp.
You worshipped Wu Jian.
Wu Jian was extremely pleased with you.
You visited 5 branches of the dungeon, and saw 24 of its levels.

You collected 3448 gold pieces.
You spent 2994 gold pieces at shops.

Inventory:

Missiles
 e - 12 large rocks
 f - 190 stones
 m - 10 javelins
 T - 8 atropa-tipped darts
Armour
 j - a +3 kite shield (worn)
 K - a +0 cloak (worn)
 Q - a +0 troll leather armour (worn)
 W - a +1 hat of stealth (worn)
Jewellery
 n - an amulet of regeneration (around neck)
 u - a +5 ring of evasion (left claw)
 v - a ring of protection from fire
 L - a ring of willpower
 Y - a ring of willpower (right claw)
 Z - a ring of ice
Talismans
 d - the granite talisman of Tiwk {rC++ Str+3 Dex-2}
   (You bought it in a shop on level 2 of the Orcish Mines)

   [granite talisman]

   Str+3:     It affects your strength (+3).
   Dex-2:     It affects your dexterity (-2).
   rC++:      It greatly protects you from cold.
Wands
 w - a wand of roots (18)
 x - a wand of paralysis (22)
 A - a wand of quicksilver (15)
 M - a wand of flame (18) (quivered)
 O - a wand of polymorph (6)
 U - a wand of mindburst (5)
Scrolls
 a - 5 scrolls of identify
 b - 2 scrolls of blinking
 g - 4 scrolls of vulnerability
 h - 11 scrolls of teleportation
 i - 3 scrolls of fog
 p - 2 scrolls of torment
 t - 2 scrolls of fear
 y - 4 scrolls of poison
 D - a scroll of enchant armour
 E - 4 scrolls of butterflies
 F - 2 scrolls of immolation
 G - 3 scrolls of noise
 H - a scroll of silence
 I - a scroll of revelation
Potions
 c - 4 potions of might
 k - 5 potions of magic
 o - 5 potions of curing
 z - 4 potions of enlightenment
 B - a potion of resistance
 C - 5 potions of attraction
 R - a potion of cancellation
 S - 3 potions of haste
Miscellaneous
 N - a phial of floods


   Skills:
 - Level 12.3 Fighting
 - Level 9.9 Dodging
 - Level 13.3 Shields
 - Level 14.4 Unarmed Combat
 - Level 3.3 Spellcasting
 - Level 5.5 Translocations
 - Level 5.5 Evocations
 + Level 2.8 Shapeshifting


You had 17 spell levels left.
You knew the following spells:

 Your Spells              Type           Power      Damage    Failure   Level
a - Blink                 Tloc           14%        N/A       10%         2
b - Lesser Beckoning      Tloc           14%        N/A       10%         2

Your spell library contained the following spells:

 Spells                   Type           Power      Damage    Failure   Level
 Momentum Strike          Conj/Tloc      8%         3d8       30%         2
 Magic Dart               Conj           0%         1d3       52%         1
 Necrotise                Necr           0%         1d4       52%         1
 Sting                    Conj/Alch      0%         1d3       52%         1
 Call Imp                 Summ           0%         N/A       67%         2
 Mercury Vapours          Alch/Air       0%         N/A       67%         2
 Scorch                   Fire           0%         2d5       67%         2
 Dazzling Flash           Conj/Hex       0%         N/A       88%         3
 Mephitic Cloud           Conj/Alch/Air  0%         N/A       88%         3
 Summon Ice Beast         Ice/Summ       0%         N/A       88%         3
 Vampiric Draining        Necr           0%         2d6       88%         3
 Animate Dead             Necr           0%         N/A       99%         4
 Flame Wave               Conj/Fire      0%         2d4       99%         4
 Martyr's Knell           Necr/Summ      0%         N/A       99%         4
 Olgreb's Toxic Radiance  Alch           0%         N/A       99%         4
 Borgnjor's Vile Clutch   Necr/Erth      0%         N/A       100%        5
 Curse of Agony           Necr           0%         N/A       100%        5
 Silence                  Hex/Air        0%         N/A       100%        5
 Summon Mana Viper        Hex/Summ       0%         N/A       100%        5
 Death Channel            Necr           0%         N/A       100%        6
 Summon Cactus Giant      Summ           0%         N/A       100%        6
 Monstrous Menagerie      Summ           0%         N/A       100%        7


Dungeon Overview and Level Annotations

Branches:
Dungeon (15/15)            Temple (1/1) D:4            Lair (5/5) D:9
  Swamp (1/4) Lair:3       Spider (0/4) Lair:2        Slime (0/5) Lair:5
    Orc (2/2) D:9             Elf (0/3) Orc:2        Vaults (0/5) D:14
 Depths (0/4) D:15

Altars:
Ashenzari
Cheibriados
Dithmenos
Elyvilon
Fedhas
Gozag
Hepliaklqana
Kikubaaqudgha
Makhleb
Nemelex Xobeh
Okawaru
Qazlal
Ru
Sif Muna
Trog
Uskayaw
Vehumet
Wu Jian
Xom
Yredelemnul
Zin
The Shining One
Beogh
Jiyva

Shops:
D:3 (   D:7 ?   D:9 ?   D:13 *   Orc:2 [*=(

Annotations:
D:3 2 transporters, Rulersjester's ghost, amateur CoGl
D:11 exclusion: 2 downstairs
Lair:3 exclusion: 2 downstairs
Swamp:1 Nikola
Orc:1 exclusion: downstairs


Innate Abilities, Weirdness & Mutations

You are too large for most types of armour.
You have claws for hands.
Your natural rate of healing is unusually fast.
You are covered in fur. (AC +1)
You have tough skin. (AC +1)


Message History

* * * LOW HITPOINT WARNING * * *
You have reached level 16!
Press: ? - help, v - describe, . - travel, g - get item
Here: a bog body (heavily damaged)
Items here: a +0 heavy quarterstaff; a +0 robe of positive energy; the dwarf corpse of Jorgrun.
The floor, spattered with blood.
Okay, then.
Okay, then.
Unknown command.
Unknown command.
Okay, then.
Okay, then.
Unknown command.
Aiming: Paralyse
Press: ? - help, Shift-Dir - straight line, f - bog body
Aim: a bog body (heavily damaged, chance to affect: 45%)
Okay, then.
Okay, then.
Unknown command.
Press: ? - help, v - describe, . - travel, g - get item
Here: a bog body (heavily damaged)
Items here: a +0 heavy quarterstaff; a +0 robe of positive energy; the dwarf corpse of Jorgrun.
The floor, spattered with blood.
You fade into invisibility!
You block the bog body's attack.
Your magical effects are unravelling.
You feel magically purged.
You feel yourself speed up.
You flicker back into view.
You block the bog body's attack.
The bog body gestures at you while chanting.
You resist with almost no effort.
You fade into invisibility!
The bog body casts a spell at you. You resist with almost no effort.
Okay, then.
Okay, then.
You feel very mighty all of a sudden. The bog body casts a spell at you.
The bolt of cold hits you!!
You die...

♣♣♣ ♣♣ ♣♣.~♣♣ .♣♣♣♣♣.~~.♣
~..~...~~. ♣♣♣ ♣♣♣
~~§~~~..~ ♣♣♣♣♣.♣♣♣♣♣♣.♣♣
~~~~~..~♣♣♣~♣..~..♣♣....♣♣
~~~~~.†..♣.~.~.~.~.~~..~~♣
~~~~~.....♣.♣.........~.♣
~~~~~.......♣~♣n@♣♣.....♣♣
..~~~~.........~..♣~.....♣
..~~~~~.~~.§.~♣?~..~.....♣
~..~~§~..~...♣♣....~.~~..♣
~..[~.............§~~.~.♣♣
..♣.....†.........~..~.♣♣
♣♣♣♣♣..#########...♣~~..♣
♣ ♣..'........#..♣..~♣♣ ♣
♣..#...#....#..♣.~~♣♣


You could see a bog body (unable to see you).

Vanquished Creatures
  Jorgrun (Swamp:1)
  Gastronok (Lair:2)
  Kirke (D:14)
  Donald (Orc:2)
  A fire giant (D:15)
  An ironbound preserver (D:14)
  An orc warlord (Orc:2)
  Nessos (D:14)
  2 bunyips (Swamp:1)
  A dire elephant (Lair:5)
  Josephine (D:12)
  Fannar (D:12)
  A fire dragon (D:15)
  A rakshasa (D:14)
  6 hydras
  4 catoblepae
  An ogre mage (D:15)
  Erica (Lair:1)
  Erolcha (D:12)
  3 centaur warriors
  5 two-headed ogres
  A death knight (D:14)
  5 boulder beetles
  A tengu warrior (D:14)
  A merfolk avatar (Lair:5)
  2 alligators (Swamp:1)
  An orc high priest (Orc:2)
  4 death yaks (Lair:5)
  Urug (Lair:2)
  Amaemon (D:10)
  A sixfirhy (D:14)
  A skeletal warrior (D:15)
  A skyshark (Lair:5)
  A fire crab (Lair:5)
  3 goliath frogs (Swamp:1)
  A swamp dragon (Swamp:1)
  4 sea snakes (Lair:5)
  An obsidian statue (D:14)
  A bog body (Swamp:1)
  A lindwurm (Lair:5)
  5 orc knights
  2 harpies
  16 ugly things
  7 orc sorcerers
  3 deep elf pyromancers
  A cyclops (D:11)
  9 elephants
  8 manticores
  2 kobold blastminers (Orc:2)
  3 meliai (D:14)
  Joseph (D:10)
  Maurice (D:10)
  A black mamba (Lair:2)
  10 cane toads
  4 torpor snails
  4 orange demons
  An unseen horror (shapeshifter) (D:15)
  Maggie (D:8)
  A gargoyle (D:10)
  An unseen horror (D:11)
  2 rime drakes
  An efreet (D:14)
  A kobold demonologist (D:7)
  7 komodo dragons
  3 polar bears
  2 hornets
  2 hornets (shapeshifter)
  6 trolls
  2 hellwings
  4 tyrant leeches
  A snapping turtle (Lair:5)
  10 blink frogs
  8 dream sheep
  8 slime creatures (D:14)
  A centaur simulacrum (D:14)
  A shadow (D:13)
  2 vampires (D:9)
  37 yaks
  4 basilisks
  9 wraiths
  4 wyverns
  3 hogs (D:14)
  3 steam dragons
  A chaos spawn (D:14)
  28 vampire mosquitoes
  An acid dragon (D:11)
  5 swamp worms
  13 water moccasins
  Pargi (D:3)
  28 orc warriors
  A swamp drake (Swamp:1)
  A black bear (D:7)
  2 ice beasts
  A laughing skull (D:14)
  5 ogres
  13 wolves
  10 centaurs
  2 phantoms (D:4)
  4 kobold brigands
  21 bullfrogs
  13 scorpions
  2 gnoll sergeants
  5 wights
  4 killer bees (D:10)
  4 electric eels (Lair:4)
  2 vampire bats (Lair:1)
  4 howler monkeys
  A jelly (D:6)
  3 bombardier beetles
  2 crimson imps (D:14)
  A centaur zombie (D:4)
  A quasit (D:14)
  An iron imp (D:14)
  A bullfrog skeleton (D:4)
  9 hounds
  17 orc priests
  3 scorpion zombies (D:4)
  Jessica (D:3)
  A gnoll bouda (D:6)
  An iguana (D:7)
  A sleepcap (D:8)
  Ijyb (D:3)
  Terence (D:2)
  20 orc wizards
  2 hound zombies (D:4)
  Robin (D:3)
  10 adders
  10 gnolls
  2 howler monkey skeletons (D:4)
  4 river rats (D:6)
  2 white imps
  3 ufetubi
  4 adder zombies (D:4)
  An adder skeleton (D:4)
  3 dart slugs
  3 ribbon worms
  54 orcs
  5 ball pythons
  13 bats
  10 endoplasms
  5 giant cockroaches
  19 goblins
  7 hobgoblins
  A quokka (D:4)
  3 frilled lizards
  6 kobolds
  3 rats (D:2)
677 creatures vanquished.

Vanquished Creatures (others)
  A large abomination (D:14)
  3 humans (D:14)
  An orc priest (Orc:2)
  An orc wizard (D:10)
  An orc (Orc:2)
7 creatures vanquished.

Grand Total: 684 creatures vanquished

Notes
Turn   | Place    | Note
-------+----------+-------------------------------------------
     0 | D:1      | killozap the Troll Fighter began the quest for the Orb.
     0 | D:1      | Reached XP level 1. HP: 22/22 MP: 0/0
   252 | D:1      | Reached XP level 2. HP: 27/29 MP: 1/1
   743 | D:2      | Noticed Terence
   750 | D:2      | HP: 1/29 [Terence/+0 flail of protection (5)]
   754 | D:2      | Killed Terence
   755 | D:2      | Reached XP level 3. HP: 7/36 MP: 2/2
  1074 | D:2      | Reached XP level 4. HP: 41/44 MP: 3/3
  1452 | D:3      | Found a transporter.
  1457 | D:3      | Found a transporter.
  1459 | D:3      | Noticed Rulersjester's ghost (amateur CoGl)
  1483 | D:3      | Reached skill level 3 in Unarmed Combat
  1511 | D:3      | Noticed Pargi
  1514 | D:3      | Killed Pargi
  1515 | D:3      | Reached XP level 5. HP: 53/53 MP: 4/4
  1763 | D:3      | Found Keduty Vipa's Weapon Shop.
  1789 | D:3      | Noticed Jessica
  1793 | D:3      | Killed Jessica
  1795 | D:3      | Reached XP level 6. HP: 49/61 MP: 5/5
  1898 | D:3      | Noticed Ijyb
  1903 | D:3      | Killed Ijyb
  1981 | D:3      | Noticed Robin
  1992 | D:3      | Killed Robin
  2356 | D:4      | Reached skill level 4 in Unarmed Combat
  2407 | D:4      | Reached XP level 7. HP: 62/68 MP: 6/6
  2691 | D:4      | Found a staircase to the Ecumenical Temple.
  2707 | Temple   | Entered the Ecumenical Temple
  2725 | Temple   | Became a worshipper of the Wu Jian Council
  3118 | D:5      | Entered Level 5 of the Dungeon
  3136 | D:5      | Identified the +6 chain mail of the New World {rPois rF+
                  | rCorr Stlth+}
  3341 | D:5      | Reached skill level 5 in Unarmed Combat
  3341 | D:5      | Reached XP level 8. HP: 79/79 MP: 7/7
  3377 | D:5      | Reached skill level 5 in Shields
  3792 | D:5      | Learned a level 2 spell: Blink
  3881 | D:5      | Reached skill level 5 in Fighting
  3881 | D:5      | Reached skill level 5 in Dodging
  3881 | D:5      | Reached skill level 1 in Translocations
  4052 | D:5      | Reached skill level 1 in Spellcasting
  4493 | D:6      | Reached * piety under Wu Jian
  4527 | D:6      | Reached XP level 9. HP: 64/88 MP: 9/9
  4600 | D:6      | Found a shimmering altar of Xom.
  4606 | D:6      | Reached skill level 6 in Unarmed Combat
  5235 | D:7      | Found Dogaocosey's Magic Scroll Boutique.
  5263 | D:7      | Bought a scroll of identify for 30 gold pieces
  5263 | D:7      | Bought a scroll of identify for 30 gold pieces
  5263 | D:7      | Bought a scroll of blinking for 112 gold pieces
  5902 | D:8      | Noticed Maggie
  5925 | D:8      | Killed Maggie
  6236 | D:8      | Noticed a kobold demonologist
  6270 | D:7      | Killed a kobold demonologist
  6285 | D:8      | Reached ** piety under Wu Jian
  6376 | D:8      | Reached XP level 10. HP: 98/98 MP: 12/12
  6489 | D:8      | Identified the +2 mace "Raisem" {drain, rF- Will+ Int+2
                  | Dex+6}
  6744 | D:9      | Found a staircase to the Lair.
  6796 | D:9      | Found a staircase to the Orcish Mines.
  6965 | D:9      | Reached skill level 7 in Unarmed Combat
  7141 | D:9      | Paralysed by a hornet for 1 turns
  7150 | D:9      | Noticed a two-headed ogre
  7167 | D:9      | Killed a two-headed ogre
  7379 | D:9      | Found an iron altar of Okawaru.
  7379 | D:9      | Found a shimmering blue altar of Sif Muna.
  7380 | D:9      | Found a radiant altar of Vehumet.
  7475 | D:9      | Found Pink's Magic Scroll Boutique.
  7475 | D:9      | Noticed a two-headed ogre
  7494 | D:9      | Killed a two-headed ogre
  7534 | D:9      | Bought a scroll of poison for 56 gold pieces
  7534 | D:9      | Bought a scroll of identify for 28 gold pieces
  7833 | D:10     | Entered Level 10 of the Dungeon
  8028 | D:10     | Noticed Amaemon
  8029 | D:10     | Noticed an orange demon
  8197 | D:10     | Killed an orange demon
  8219 | D:10     | Killed Amaemon
  8611 | D:10     | Reached XP level 11. HP: 107/107 MP: 14/14
  8679 | D:10     | Noticed Maurice
  8693 | D:10     | Killed Maurice
  8705 | D:10     | Reached skill level 8 in Unarmed Combat
  8839 | D:10     | Noticed Joseph
  8848 | D:10     | Killed Joseph
  9049 | D:11     | Found an iron altar of Okawaru.
  9067 | D:11     | Found a gate leading to a gauntlet.
  9668 | D:12     | Noticed Fannar
  9669 | D:12     | Noticed a white ugly thing
  9701 | D:12     | Noticed Erolcha
  9701 | D:12     | Noticed a boulder beetle
  9758 | Lair:1   | Entered Level 1 of the Lair of Beasts
  9889 | Lair:1   | Reached *** piety under Wu Jian
  9923 | Lair:1   | Reached skill level 5 in Translocations
 10402 | Lair:1   | Learned a level 2 spell: Lesser Beckoning
 10650 | Lair:2   | Reached skill level 9 in Unarmed Combat
 10666 | Lair:2   | Noticed Gastronok
 10678 | Lair:2   | Killed Gastronok
 10702 | Lair:2   | Noticed an eight-headed hydra
 10820 | Lair:2   | Reached XP level 12. HP: 119/119 MP: 13/15
 10915 | Lair:2   | Found a hole to the Spider Nest.
 10916 | Lair:2   | Noticed a boulder beetle
 10984 | Lair:2   | Noticed Erica
 11046 | Lair:1   | Killed Erica
 11308 | Lair:2   | Reached **** piety under Wu Jian
 11323 | Lair:2   | Killed a boulder beetle
 11828 | Lair:2   | Noticed Urug
 11862 | Lair:2   | Killed Urug
 11863 | Lair:2   | Reached skill level 10 in Unarmed Combat
 12318 | Lair:3   | Identified the +1 hand axe of Kotifymn {protect, rC+ MP+9
                  | Str+2}
 12790 | Lair:3   | Reached XP level 13. HP: 106/131 MP: 16/16
 12973 | Lair:3   | Found a staircase to the Swamp.
 13078 | Lair:4   | Reached skill level 10 in Shields
 13912 | Lair:4   | Reached skill level 11 in Unarmed Combat
 14362 | Lair:5   | Entered Level 5 of the Lair of Beasts
 14511 | Lair:5   | HP: 3/132 [something (36)]
 14744 | Lair:4   | Reached skill level 1 in Evocations
 15008 | Lair:5   | Reached skill level 10 in Fighting
 15300 | Lair:5   | Noticed a dire elephant
 15324 | Lair:5   | Killed a dire elephant
 15325 | Lair:5   | Reached XP level 14. HP: 131/143 MP: 17/17
 15435 | Lair:5   | Found a viscous altar of Jiyva.
 15621 | Lair:5   | Found a staircase to the Slime Pits.
 15913 | D:9      | Upgraded the game from 0.32-a0-616-g9348d4545b to
                  | 0.32-a0-630-g46d191b0ed
 15923 | Orc:1    | Entered Level 1 of the Orcish Mines
 15950 | D:9      | Reached skill level 12 in Unarmed Combat
 16015 | Orc:1    | Reached ***** piety under Wu Jian
 16021 | Orc:1    | Paralysed by an orc sorcerer for 2 turns
 16384 | Orc:2    | Entered Level 2 of the Orcish Mines
 16438 | Orc:2    | Noticed Donald
 16625 | Orc:2    | Noticed an orc warlord
 16626 | Orc:2    | Found a roughly hewn altar of Beogh.
 16634 | Orc:2    | Found Bangaecyl's Antique Armour Boutique.
 16647 | Orc:2    | Killed an orc warlord
 16653 | Orc:2    | Found Ymnurrirumu's Jewellery Boutique.
 16675 | Orc:2    | Killed Donald
 16689 | Orc:2    | Found Udem's Antique Weapon Boutique.
 16768 | Orc:2    | Found a staircase to the Elven Halls.
 16919 | Orc:2    | Found Ennidy's General Store.
 17292 | D:12     | Killed Fannar
 17326 | D:12     | Noticed Josephine
 17336 | D:12     | Killed Erolcha
 17341 | D:12     | Killed Josephine
 17963 | D:13     | Found Nuuchoesa's General Store.
 18307 | D:13     | Reached skill level 13 in Unarmed Combat
 18512 | D:13     | Reached skill level 5 in Evocations
 19060 | D:14     | Found a shadowy altar of Dithmenos.
 19094 | D:14     | Identified the +8 spear of Nujiraty {freeze, rCorr Str+4}
 19190 | D:14     | Reached XP level 15. HP: 154/154 MP: 18/18
 19617 | D:14     | Noticed Kirke
 19623 | D:14     | Killed Kirke
 19691 | D:14     | Noticed Nessos
 19693 | D:14     | Killed Nessos
 19729 | D:14     | Found the sphere of Battle
 19960 | D:14     | Found a gate to the Vaults.
 20482 | D:15     | Entered Level 15 of the Dungeon
 20519 | D:15     | Found a sacrificial altar of Ru.
 21263 | D:15     | Found a staircase to the Depths.
 21263 | D:15     | Noticed a fire giant
 21341 | D:15     | Reached skill level 14 in Unarmed Combat
 21784 | D:15     | Killed a fire giant
 22376 | Swamp:1  | Entered Level 1 of the Swamp
 22533 | Swamp:1  | Noticed Jorgrun
 22719 | Swamp:1  | Noticed Nikola
 22731 | Swamp:1  | Identified a scroll of acquirement
 22742 | Swamp:1  | Acquired 991 gold pieces
 22926 | Orc:2    | Bought the granite talisman of Tiwk {rC++ Str+3 Dex-2} for
                  | 2738 gold pieces
 23185 | Swamp:1  | Reached skill level 1 in Shapeshifting
 23301 | Swamp:1  | Killed Jorgrun
 23302 | Swamp:1  | Reached XP level 16. HP: 17/166 MP: 19/19
 23305 | Swamp:1  | Killed from afar by a bog body

Illustrated notes

Levels and vault maps discovered:
D:1:      mainiacjoe_arrival_oval_in_oval, layout_loops_ring
D:2:      layout_loops_cross, uniq_terence
D:3:      layout_basic, serial_shops, shop_fountains, gammafunk_ghost_arena,
          nicolae_kite_square_tiling_tiny, uniq_ijyb, uniq_robin, uniq_jessica,
          uniq_pargi
D:4:      layout_cave_pools, minmay_temple_entry_grid, serial_undead,
          serial_undead_d, serial_undead_c, serial_undead_a, serial_undead_d,
          dk_noncrumbling_3, chequers_serial_rivers_large_a
D:5:      minmay_recursive_quarters, layout_basic
D:6:      wad_woods_stonehenge, layout_basic
D:7:      layout_basic, serial_shops, shop, grunt_ministairs_8
D:8:      layout_loops_ring, uniq_maggie
D:9:      minmay_angry_zag, layout_basic, gammafunk_temple_overflow_claw,
          lair_entry_dummy, orc_0_dummy, serial_shops,
          nicolae_shop_rolling_square
D:10:     layout_basic, uniq_maurice, uniq_amaemon, uniq_joseph
D:11:     layout_small_grid, gauntlet_entry_generic, okawaru_metal_pillars_1_2
D:12:     layout_cross, einodemon_barbed_minivault, uniq_josephine, uniq_fannar,
          uniq_erolcha
D:13:     layout_grid_maze, serial_shops, nicolae_diamond_shop
D:14:     layout_basic, skrybe_vaults_entry_preservation,
          nicolae_dithmenos_through_a_glass_darkly, hangedman_devilish_allure,
          uniq_nessos, uniq_kirke
D:15:     grunt_enter_depths_giant_problem, layout_loops_ring, basic_altar,
          serial_co_window_serial, co_window_paths_a, co_window_corner_a,
          co_window_of_opportunity_a, co_window_paths_a, co_window_paths_a,
          co_window_broadway_c, co_window_broadway_a, co_window_broadway_c,
          co_window_sun, glass_columns_c, kennysheep_kite_vault
Temple:   nicolae_temple_bog_church
Lair:1:   layout_gridlike, serial_bayou_lagoon_a, roderic_batcave,
          grunt_megastairs_2, serial_bayou_shore_a
Lair:2:   layout_small_grid, nicolae_spider_entry_non_spiders,
          lightli_volcano_entry_magma_tube, uniq_urug, uniq_erica,
          uniq_gastronok
Lair:3:   layout_cave_shapes, palyth_hydra_swamp_entry, patterned_corridor,
          serial_bayou_shore_b
Lair:4:   layout_layer_cave, serial_bayou_lake_a
Lair:5:   gammafunk_lair_ancient_temple, layout_gridlike, slime_entry_1
Swamp:1:  layout_basic_swamp, serial_swamp_ruin, evilmike_swamp_ruin_rubble_1,
          evilmike_swamp_ruin_house_5, hangedman_swamp_ruin_wall,
          nicolae_swamp_long_stream, infiniplex_staircase_pool_2, uniq_nikola,
          uniq_jorgrun
Orc:1:    layout_caves
Orc:2:    grunt_orc_cross, layout_caves, uniq_donald

Skill      XL: |  1  2  3  4  5  6  7  8  9 10 11 12 13 14 15 |
---------------+----------------------------------------------+-----
Shields        | 3 4 5 6 7 8 9 11 12 13 | 13.3
Dodging        | 3 4 5 6 7 9 |  9.9
Fighting       | 3 4 5 6 7 9 10 11 12 | 12.3
Unarmed Combat | 3 4 5 6 7 9 10 11 13 14 | 14.4
Translocations | 1 2 4 5 |  5.5
Spellcasting   | 1 2 3 |  3.3
Evocations     | 2 5 |  5.5
Shapeshifting  | 2 |  2.8

Action                     |  1- 3 |  4- 6 |  7- 9 | 10-12 | 13-15 | 16-18 || total
---------------------------+-------+-------+-------+-------+-------+-------++-------
  Melee: Unarmed           |    76 |   129 |   394 |   794 |  1451 |       ||  2844
  Throw: Large rock        |       |     6 |     2 |       |     5 |       ||    13
         Throwing net      |       |       |       |     3 |       |       ||     3
         Dart              |       |       |       |     6 |     1 |       ||     7
         Stone             |       |       |       |       |     1 |       ||     1
   Cast: Lesser Beckoning  |       |       |       |       |     3 |       ||     3
         Blink             |       |       |       |       |     1 |       ||     1
 Invoke: Serpent's Lash    |       |       |       |     3 |    28 |       ||    31
         Heavenly Storm    |       |       |       |       |     1 |       ||     1
Ability: Lunge             |       |       |    19 |    31 |   102 |       ||   152
         Whirlwind         |       |       |     6 |    98 |   243 |       ||   347
         Wall Jump         |       |       |       |     4 |     7 |       ||    11
  Evoke: Wand              |       |       |       |     6 |    14 |       ||    20
    Use: Scroll            |       |       |    18 |     7 |     7 |       ||    32
         Potion            |       |       |       |     5 |     3 |     4 ||    12
   Stab: Sleeping          |       |       |     2 |     3 |     4 |       ||     9
         Confused          |       |       |       |     1 |       |       ||     1
         Distracted        |       |       |       |       |     1 |       ||     1
 Armour: Robe              |    36 |    61 |   148 |       |       |       ||   245
         Acid dragon scale |       |       |    12 |    62 |       |       ||    74
         Troll leather arm |       |       |       |   196 |   584 |     1 ||   781
         Skin              |       |       |       |     4 |    11 |       ||    15
  Dodge: Dodged            |    25 |    20 |   183 |   488 |   703 |       ||  1419
  Block: Kite shield       |    30 |    60 |   219 |   525 |   956 |     2 ||  1792

Table legend: (Time is in decaauts)
 A = Elapsed time spent in this place.
 B = Non-inter-level travel time spent in this place.
 C = Inter-level travel time spent in this place.
 D = Time resting spent in this place.
 E = Time spent auto-exploring this place.
 F = Levels seen in this place.
 G = Mean time per level.
                   A        B        C        D        E       F      G
               +--------+--------+--------+--------+--------+-----+--------+
         Total |  23242 |  21445 |   1797 |    681 |  14959 |  24 |  968.4 |
       Dungeon |  14843 |  13885 |    958 |    326 |  10386 |  15 |  989.5 |
        Temple |     36 |      2 |     34 |      0 |      0 |   1 |   36.0 |
          Lair |   6421 |   5846 |    575 |    289 |   3617 |   5 | 1284.2 |
         Swamp |    654 |    597 |     57 |     34 |    277 |   1 |  654.0 |
  Orcish Mines |   1285 |   1114 |    171 |     32 |    679 |   2 |  642.5 |
               +--------+--------+--------+--------+--------+-----+--------+

Top non-repeatable levels by time:
    D:15: 1582 daAuts
  Lair:2: 1476 daAuts
    D:14: 1474 daAuts
  Lair:4: 1380 daAuts
  Lair:5: 1372 daAuts
     D:9: 1370 daAuts
     D:5: 1328 daAuts
    D:13: 1286 daAuts
    D:10: 1207 daAuts
  Lair:1: 1135 daAuts
  Lair:3: 1057 daAuts
     D:3: 955 daAuts
     D:8: 806 daAuts
    D:11: 798 daAuts
   Orc:2: 768 daAuts
